Map: Kairos Junction LE

Players

MilkiCow - Winner!

  • Race: Terran Terran
  • Spawn Location: 5:00

HydraOrc

  • Race: Protoss Protoss
  • Spawn Location: 11:00

Event: 2019 WCS Summer

VOD

Have the link to the VOD?

Description

Time

  • Played on: July 12, 2019, 6:36 a.m.
  • Length: 15:07

All games in this series

Show
View Real Time Build Order
Export as new Build Order

MilkiCow Terran - Winner!

Build Orders:  

Get SALT Encoding   

  12  0:00  SCV  
  13  0:13  SCV  
  14  0:17  Supply Depot  
  14  0:25  SCV  
  15  0:38  SCV  
  15  0:40  Barracks  
  16  0:43  Refinery  
  16  0:50  SCV  
  17  1:02  SCV  
  18  1:15  SCV  
  19  1:29  Orbital Command, Barracks Reactor  
  19  1:45  Command Center  
  19  1:57  SCV  
  20  2:02  Bunker  
  20  2:05  Marine x2  
  22  2:14  Supply Depot  
  22  2:19  SCV  
  23  2:23  Marine  
  23  2:35  SCV  
  23  2:41  Factory  
  23  2:46  Marine  
  23  2:47  Marine  
  23  2:48  SCV  
  26  3:00  Orbital Command  
  26  3:01  SCV  
  26  3:04  Marine  
  28  3:10  Refinery  
  28  3:13  SCV  
  29  3:25  SCV x2  
  29  3:26  Starport  
  31  3:28  Factory Tech Lab  
  31  3:30  Marine  
  31  3:32  Marine  
  33  3:37  SCV  
  34  3:42  SCV  
  34  3:46  Siege Tank  
  34  3:48  Marine  
  39  3:49  Marine  
  39  3:50  SCV  
  39  3:55  SCV, Supply Depot  
  41  4:02  Medivac  
  41  4:03  SCV  
  41  4:08  Marine, Supply Depot  
  45  4:11  Marine  
  47  4:17  SCV  
  47  4:18  SCV  
  48  4:24  Siege Tank  
  48  4:29  SCV  
  48  4:30  Marine x2, SCV  
  55  4:37  Liberator  
  54  4:41  SCV  
  55  4:49  Barracks  
  55  4:50  SCV  
  55  4:51  Barracks  
  55  4:55  Engineering Bay  
  55  4:57  Marine  
  59  5:00  SCV  
  60  5:07  SCV  
  60  5:12  Marine  
  62  5:15  Refinery  
  62  5:18  Supply Depot  
  62  5:19  Siege Tank, Marine, SCV  
  62  5:20  Refinery  
  67  5:22  SCV  
  67  5:26  Supply Depot  
  67  5:31  SCV  
  67  5:34  SCV  
  69  5:41  Marine  
  69  5:42  Marine  
  71  5:43  SCV  
  71  5:44  Barracks Tech Lab x2  
  71  5:46  SCV  
  71  5:49  Starport Tech Lab  
  71  5:50  Supply Depot  
  71  5:52  Terran Infantry Weapons Level 1  
  72  5:59  Marine  
  72  6:02  Stimpack  
  72  6:03  Starport Reactor  
  72  6:04  Marine  
  72  6:05  Barracks x2, Factory Reactor  
  72  6:09  Marine x2  
  72  6:10  SCV  
  76  6:17  Marine  
  77  6:22  Marine  
  75  6:27  Marine x2  
  75  6:30  Combat Shield, Supply Depot  
  77  6:42  Marine  
  77  6:43  Widow Mine x2, Medivac x2  
  77  6:45  Marauder, Supply Depot  
  77  6:46  Supply Depot  
  88  6:52  Marine  
  88  6:53  Marauder  
  91  6:55  Barracks Reactor, Barracks Tech Lab  
  91  7:07  Marauder  
  87  7:14  Marauder  
  84  7:17  Marauder  
  84  7:19  Widow Mine x2, Medivac  
  84  7:20  SCV  
  84  7:22  SCV  
  91  7:26  Marine  
  91  7:28  Marauder  
  94  7:33  SCV  
  94  7:34  Viking  
  94  7:35  SCV  
  94  7:36  Concussive Shells, Marauder  
  100  7:41  Supply Depot  
  100  7:42  Marine, Supply Depot  
  100  7:43  Marauder  
  103  7:44  Marine  
  103  7:47  Marine  
  103  7:48  Marine  
  105  7:57  Marauder, Marine  
  105  7:58  Widow Mine x2  
  112  8:00  Marine  
  112  8:02  Marine  
  112  8:04  Marauder  
  112  8:05  Marine  
  117  8:11  Supply Depot  
  116  8:20  Marauder, Marine  
  116  8:25  Marauder  
  116  8:26  Marauder  
  114  8:27  Marine  
  114  8:31  Viking x2  
  114  8:32  Marine, Widow Mine x2  
  124  8:39  Marine  
  125  8:42  Marauder  
  125  8:47  Marauder  
  110  8:56  Marauder  
  110  9:02  Widow Mine x2  
  103  9:03  Marauder  
  103  9:04  Marine  
  103  9:06  Marine, Command Center  
  103  9:08  Marauder  
  107  9:10  Terran Infantry Armor Level 1  
  107  9:17  Marauder  
  107  9:18  Marine  
  110  9:24  Marauder  
  110  9:29  Marine  
  110  9:30  Marauder, Marine  
  116  9:36  Starport  
  116  9:39  Marauder  
  110  9:53  Marine x2  
  110  9:54  Marauder, Marine  
  110  9:56  Marauder, Marine  
  118  10:00  Marauder  
  117  10:11  Marine x3  
  118  10:15  Viking, Marauder  
  122  10:27  Viking x2  
  122  10:28  Viking  
  124  10:43  Orbital Command  
  124  10:44  SCV x2  
  124  10:48  Marauder  
  124  10:52  Marauder, Marine  
  123  10:57  Marine  
  123  10:58  Marauder  
  123  10:59  Marine x2  
  124  11:05  Viking  
  124  11:10  Marauder  
  123  11:14  Marauder  
  123  11:16  Marine  
  123  11:17  Marine  
  123  11:18  SCV x2  
  118  11:19  Marauder  
  117  11:31  Marauder  
  117  11:34  Marine x2  
  117  11:35  Marauder  
  111  11:41  Marine  
  111  11:42  Viking, Marauder  
  111  11:51  Viking  
  109  11:57  Viking x2  
  109  11:58  SCV  
  114  12:04  Marauder, Marine x2  
  120  12:08  Marine, Marauder  
  120  12:13  Marine  
  120  12:14  Marauder  
  122  12:21  Viking  
  122  12:22  Marine  
  118  12:28  Viking  
  120  12:31  Marauder, Marine, Medivac  
  120  12:32  Marauder  
  120  12:33  Marine  
  126  12:39  Ghost Academy  
  126  12:45  Medivac  
  128  12:52  Marauder, Marine  
  128  12:53  Marine, Marauder x2  
  134  12:59  Armory  
  133  13:10  Marine  
  133  13:11  Marine  
  113  13:12  Liberator  
  113  13:13  Marauder, Liberator x2  
  113  13:14  Marauder, Marine  
  113  13:15  Marauder  
  113  13:16  Marine, Liberator  
  100  13:28  Marine x2  
  114  13:34  Marine  
  114  13:35  Marauder  
  114  13:37  Supply Depot  
  114  13:38  Supply Depot  
  117  13:45  Marauder  
  117  13:47  Marauder, Marine  
  122  13:55  Ghost  
  122  14:00  Liberator  
  124  14:07  Marauder  
  126  14:12  Marauder  
  126  14:20  Marine  
  126  14:22  Marine, SCV  
  126  14:23  SCV  
  116  14:35  Marauder  
  116  14:37  Marauder  
  115  14:48  Marine  
Show
View Real Time Build Order
Export as new Build Order

HydraOrc Protoss 

Build Orders: Colossus Rush 

Get SALT Encoding   

  12  0:00  Probe  
  13  0:12  Probe  
  14  0:18  Pylon  
  14  0:24  Probe  
  15  0:31  Pylon  
  15  0:32  Probe  
  15  0:40  Probe  
  17  0:50  Gateway  
  17  0:51  Probe  
  18  0:58  Assimilator  
  18  1:03  Probe  
  19  1:16  Probe  
  20  1:29  Probe  
  23  1:40  Zealot  
  23  1:41  Cybernetics Core  
  23  1:57  Nexus  
  23  2:01  Probe  
  23  2:04  Assimilator  
  23  2:07  Stalker  
  24  2:13  Probe, Warp Gate  
  27  2:26  Probe  
  28  2:37  Stalker  
  28  2:38  Probe  
  31  2:44  Pylon  
  31  2:53  Gateway  
  31  2:55  Pylon  
  31  3:03  Probe  
  32  3:12  Gateway  
  32  3:15  Probe  
  32  3:18  Stalker  
  35  3:20  Probe  
  37  3:27  Probe  
  37  3:29  Robotics Facility  
  37  3:39  Probe x2  
  39  3:51  Probe x2  
  41  3:56  Pylon  
  41  4:01  Zealot  
  41  4:02  Probe, Adept  
  45  4:04  Probe  
  45  4:07  Stalker  
  49  4:10  Probe  
  49  4:15  Shield Battery  
  49  4:16  Observer, Probe  
  52  4:26  Probe  
  52  4:30  Probe  
  50  4:37  Assimilator  
  50  4:39  Assimilator  
  50  4:40  Stalker  
  50  4:41  Stalker  
  50  4:42  Shield Battery  
  50  4:43  Zealot  
  54  5:00  Robotics Bay  
  54  5:03  Adept x2  
  54  5:04  Adept  
  60  5:09  Probe  
  60  5:10  Probe  
  62  5:21  Probe, Pylon  
  62  5:23  Probe  
  64  5:28  Adept  
  66  5:36  Nexus  
  66  5:37  Pylon  
  66  5:39  Stalker x2  
  66  5:41  Probe x2  
  71  5:45  Colossus  
  69  5:53  Probe x2  
  69  5:54  Gateway  
  77  6:05  Probe  
  77  6:06  Extended Thermal Lance  
  76  6:18  Zealot x2  
  77  6:19  Probe  
  78  6:25  Stalker  
  78  6:30  Colossus  
  86  6:42  Twilight Council  
  86  6:47  Probe x2  
  86  6:50  Pylon  
  88  6:54  Adept  
  88  6:59  Probe  
  88  7:04  Charge  
  88  7:08  Adept x2  
  92  7:10  Probe x2  
  92  7:11  Probe  
  92  7:20  Probe  
  91  7:25  Pylon  
  91  7:26  Forge  
  91  7:27  Probe  
  91  7:28  Probe, Gateway  
  90  7:31  Probe  
  90  7:36  Probe  
  91  7:39  Probe  
  91  7:40  Templar Archives  
  93  7:45  Probe  
  93  7:48  Probe  
  93  7:50  Colossus  
  94  7:51  Probe  
  94  7:57  Probe  
  96  8:00  Probe  
  96  8:03  Zealot, Probe  
  96  8:05  Sentry  
  108  8:08  Zealot  
  104  8:27  Zealot x2  
  104  8:28  Zealot  
  104  8:30  Zealot  
  112  8:36  Probe  
  113  8:42  Colossus  
  113  8:44  Gateway  
  113  8:47  Gateway  
  113  8:54  Stalker x2  
  113  8:55  Zealot x2  
  111  8:59  Probe  
  108  9:03  Probe  
  108  9:06  Probe  
  110  9:11  Probe x2, Protoss Ground Weapons Level 1  
  112  9:18  Probe  
  112  9:19  Sentry  
  112  9:20  Zealot  
  112  9:21  Blink  
  117  9:24  Pylon  
  117  9:28  Assimilator  
  117  9:30  Assimilator  
  117  9:34  Colossus  
  117  9:36  Pylon  
  116  9:40  Pylon  
  116  9:44  Zealot x2  
  118  9:55  Probe x2  
  118  9:56  Stalker x3  
  118  9:57  Zealot  
  122  10:03  Probe  
  122  10:05  Stalker  
  122  10:06  Adept  
  107  10:07  Probe  
  107  10:09  Probe  
  109  10:15  Probe  
  109  10:18  Photon Cannon  
  109  10:19  Probe  
  109  10:20  High Templar x3  
  117  10:21  Observer  
  117  10:22  High Templar  
  119  10:32  Zealot x2  
  118  10:43  Archon  
  118  10:46  Archon  
  106  10:56  Zealot x3, Immortal  
  102  10:57  Stalker x3  
  107  11:10  Probe x3  
  106  11:17  Protoss Ground Weapons Level 2  
  102  11:22  Probe x2  
  102  11:31  Probe  
  101  11:34  Warp Prism  
  101  11:38  Stalker  
  101  11:39  Stalker x3  
  100  11:43  Sentry x2  
  104  11:53  Probe x2  
  103  12:01  Photon Cannon  
  101  12:08  Stalker x3  
  99  12:15  Probe  
  99  12:19  Probe  
  100  12:25  Probe  
  101  12:32  Pylon  
  101  12:34  Templar Archives  
  101  12:37  Zealot x2  
  101  12:40  Probe  
  106  12:54  Zealot x3  
  106  12:55  Zealot  
  114  13:05  Zealot x2, Colossus  
  95  13:17  Zealot x4  
  76  13:30  Zealot x2  
  78  13:43  Probe  
  78  13:44  Probe x2  
  81  13:56  Probe, High Templar  
  81  13:59  High Templar  
  81  14:01  Zealot x4  
  94  14:03  Archon  
  78  14:21  Zealot x3  
  78  14:22  Zealot  
  68  14:29  Zealot  
  72  14:32  Probe  
  64  14:38  Zealot  
  62  14:49  Probe x2  
  62  14:53  High Templar  
  58  15:00  Zealot x4  
Tags
 
Add a new tag
Caveats
  • Supply blocks, unpowered buildings, or Contaminate may cause inaccurate times.
  • Supply counts are checked every 10 seconds.